 Dungeon Crawl Stone Soup version 0.28-a0-1235-g7c8fac35f0 (webtiles) character file.

Game seed: 4620337312313945821

7 MacCMillion the Ruffian (level 1, 22/22 HPs)
             Began as a Troll Cinder Acolyte on Dec 25, 2021.
             Was a High Priest of Ignis.
             Quit the game on level 1 of the Dungeon.
             The game lasted 00:00:56 (105 turns).

MacCMillion the Ruffian (Troll Cinder Acolyte)       Turns: 105, Time: 00:00:57

Health: 22/22      AC:  4    Str: 21    XL:     1   Next: 91%
Magic:  1/1        EV:  9    Int: 10    God:    Ignis [*****.]
Gold:   2          SH:  0    Dex:  5    Spells: 2/2 levels left

rFire   + . .      SeeInvis .     - Unarmed
rCold   . . .      Faith    .   (no shield)
rNeg    . . .      Spirit   .   a - +0 robe
rPois   .          Reflect  .   (helmet restricted)
rElec   .          Harm     .   (no cloak)
rCorr   .          Rampage  .   (gloves unavailable)
Will    .....                   (boots unavailable)
Stlth   +.........              (no amulet)
HPRegen 0.87/turn               (no ring)
MPRegen 0.07/turn               (no ring)

@: no status effects
A: large, unfitting armour, claws 3, regeneration 1, shaggy fur 1, tough skin 1
a: Renounce Religion, Fiery Armour, Foxfire Swarm, Rising Flame


You were on level 1 of the Dungeon.
You worshipped Ignis.
Ignis was extremely pleased with you.
You visited 1 branch of the dungeon, and saw 1 of its levels.

You collected 2 gold pieces.

Inventory:

Armour
 a - a +0 robe (worn)
Scrolls
 b - a scroll of fear {unknown}
Potions
 c - a potion of lignification {unknown}


   Skills:
 + Level 2.6 Fighting
 * Level 3.3 Unarmed Combat
 - Level 1.0 Spellcasting
 - Level 2.1 Fire Magic


You had 2 spell levels left.
You didn't know any spells.
Your spell library contained the following spells:

 Spells                   Type           Power      Damage    Failure   Level
 Scorch                   Fire           8%         2d5       22%         2


Dungeon Overview and Level Annotations

Branches:
Dungeon (1/15)

Altars:


Innate Abilities, Weirdness & Mutations

You are too large for most types of armour.
You have claws for hands.
Your natural rate of healing is unusually fast.
You are covered in fur. (AC +1)
You have tough skin. (AC +1)


Message History

A hobgoblin comes into view.
Found a stone staircase leading down.
The hobgoblin shouts!
A bat comes into view.
There are monsters nearby!
The bat barely misses you. The bat barely misses you.
A rat comes into view.
The hobgoblin barely misses you.
You completely miss the hobgoblin. The bat hits you but does no damage.
The hobgoblin hits you.
You barely miss the hobgoblin. The bat hits you but does no damage.
The hobgoblin hits you but does no damage.
You scratch the hobgoblin.
The hobgoblin is severely wounded.
The bat closely misses you. The hobgoblin barely misses you.
You closely miss the hobgoblin.
The hobgoblin is heavily wounded.
The bat closely misses you. The hobgoblin closely misses you.
You claw the hobgoblin!
You kill the hobgoblin!
The bat hits you but does no damage. The bat barely misses you.
The rat bites you.
You claw the rat!
You kill the rat!
The bat completely misses you.
You claw the bat!
You kill the bat!
No target in view!
Things that are here:
a bat corpse; a rat corpse A bat comes into view.
A bat is nearby!
The bat barely misses you. The bat hits you.
You miss the bat. The bat hits you but does no damage.
The bat closely misses you. The bat closely misses you.
The bat hits you but does no damage. x2
You closely miss the bat. The bat closely misses you.
Are you sure you want to abandon this character and quit the game? (Confirm with "yes".)

## ..# #.# #.# #.#
# #.# #.#####.#
#.b@....#
####.##.#
#.##.############
..##.............
#####.........>...
#.#.......†...
#.#.##########
#.#.# #.#.#


You could see a bat.

Vanquished Creatures
  A ball python (D:1)
  2 goblins (D:1)
  A hobgoblin (D:1)
  A bat (D:1)
  A frilled lizard (D:1)
  A rat (D:1)
7 creatures vanquished.

Notes
Turn   | Place    | Note
-------+----------+-------------------------------------------
     0 | D:1      | MacCMillion the Troll Cinder Acolyte began the quest for
                  | the Orb.
     0 | D:1      | Reached XP level 1. HP: 22/22 MP: 1/1
   105 | D:1      | Quit the game

Illustrated notes

Levels and vault maps discovered:
D:1:      eino_arrival_tree_alley, layout_loops_ring, serial_shops,
          nicolae_shop_hallway_plus, minmay_cut_off

Action                   || total
-------------------------++-------
Melee: Unarmed           ||    20
Armor: Robe              ||    11
Dodge: Dodged            ||    14

Table legend: (Time is in decaauts)
 A = Elapsed time spent in this place.
 B = Non-inter-level travel time spent in this place.
 C = Inter-level travel time spent in this place.
 D = Time resting spent in this place.
 E = Time spent auto-exploring this place.
 F = Levels seen in this place.
 G = Mean time per level.
                   A        B        C        D        E       F      G
               +--------+--------+--------+--------+--------+-----+--------+
         Total |    103 |    103 |      0 |      0 |     58 |   1 |  103.0 |
       Dungeon |    103 |    103 |      0 |      0 |     58 |   1 |  103.0 |
               +--------+--------+--------+--------+--------+-----+--------+

Top non-repeatable levels by time:
     D:1: 103 daAuts
